| TOP OF THE 1ST |
|
Detroit (APP) Tigers batting - Pitching for Greeneville Astros : RHP James Browning
|
|
Pitching: RHP James Browning
|
|
|
Batting: LHB Bill Ford
|
0-0: Swinging Strike 0-1: Foul Ball, location: 2F 0-2: Ground out 4-3 (Groundball, 4, EV 89.4 MPH)
|
|
Batting: RHB Jon Goldstein
|
0-0: Swinging Strike 0-1: Foul Ball, location: 2F 0-2: Strikes out looking
|
|
Batting: SHB Sean Foley
|
0-0: Ball 1-0: Ball 2-0: SINGLE (Groundball, 34D, EV 100.6 MPH)
|
|
Batting: SHB Ross Holland
|
0-0: Ball 1-0: DOUBLE (Flyball, 78XD, EV 113.1 MPH) Sean Foley to third
|
|
Batting: RHB Adam MacConnell
|
0-0: Swinging Strike 0-1: Foul Ball, location: 2F 0-2: Ball 1-2: Ground out 4-3 (Groundball, 34, EV 88.8 MPH)
|
| Top of the 1st over - 0 runs, 2 hits, 0 errors, 2 left on base; Detroit (APP) 0 - Greeneville 0 |
| BOTTOM OF THE 1ST |
|
Greeneville Astros batting - Pitching for Detroit (APP) Tigers : RHP Alan Grossfeld
|
|
Pitching: RHP Alan Grossfeld
|
|
|
Batting: LHB Lou Toth
|
0-0: Ball 1-0: Foul Ball, location: 2F 1-1: Called Strike 1-2: Foul Ball, location: 2F 1-2: Fly out, F8 (Flyball, 8LM, EV 83.8 MPH)
|
|
Batting: RHB Sean Mounts
|
0-0: Swinging Strike 0-1: Ground out 6-3 (Groundball, 6, EV 86.9 MPH)
|
|
Batting: LHB Josh Birkner
|
0-0: Fly out, F8 (Flyball, 8RD, EV 93.8 MPH)
|
| Bottom of the 1st over - 0 runs, 0 hits, 0 errors, 0 left on base; Detroit (APP) 0 - Greeneville 0 |
| TOP OF THE 2ND |
|
Detroit (APP) Tigers batting - Pitching for Greeneville Astros : RHP James Browning
|
|
Batting: LHB Jon Pedlar
|
0-0: Ball 1-0: Called Strike 1-1: Ball 2-1: Swinging Strike 2-2: Ground out 1-3 (Groundball, 13S, EV 70.0 MPH)
|
|
Batting: RHB Jamie Villagrana
|
0-0: Ball 1-0: Ball 2-0: Swinging Strike 2-1: Ground out U3 (Groundball, 3, EV 103.8 MPH)
|
|
Batting: RHB Willie Ochoa
|
0-0: Ball 1-0: Called Strike 1-1: SINGLE (Groundball, 6D, EV 99.4 MPH)
|
|
Batting: RHB Billy Verdusco
|
0-0: Called Strike 0-1: Foul Ball, location: 2F 0-2: Ball 1-2: Ball 2-2: Ball 3-2: Base on Balls Willie Ochoa to second
|
|
Batting: LHB Bill Ford
|
0-0: Ground out 4-3 (Groundball, 4, EV 83.8 MPH)
|
| Top of the 2nd over - 0 runs, 1 hit, 0 errors, 2 left on base; Detroit (APP) 0 - Greeneville 0 |
| BOTTOM OF THE 2ND |
|
Greeneville Astros batting - Pitching for Detroit (APP) Tigers : RHP Alan Grossfeld
|
|
Batting: RHB Bruce Bermudez
|
0-0: Ball 1-0: Swinging Strike 1-1: Called Strike 1-2: Ball 2-2: Ball 3-2: Foul Ball, location: 2F 3-2: Base on Balls
|
|
Batting: SHB Danny Jensen
|
0-0: Ball 1-0: Ball Wild Pitch! Bruce Bermudez to second 2-0: Called Strike 2-1: Called Strike 2-2: Strikes out swinging
|
|
Batting: RHB Workneh Lagat
|
0-0: Ball 1-0: Ball Wild Pitch! Bruce Bermudez to third 2-0: Fly out, F9 (Flyball, 9, EV 87.5 MPH)
|
|
Batting: LHB Jackson Trottier
|
0-0: DOUBLE (Groundball, 3L, EV 95.6 MPH) Bruce Bermudez scores
|
|
Batting: RHB Edgar Trejo
|
0-0: Called Strike 0-1: Foul Ball, location: 2F 0-2: Ball 1-2: Ball 2-2: Ball 3-2: Base on Balls
|
|
Batting: RHB Guo-ning Chen
|
0-0: Ball 1-0: Ball 2-0: Ball 3-0: Base on Balls Jackson Trottier to third Edgar Trejo to second
|
|
Batting: LHB Lou Toth
|
0-0: Ball 1-0: Ball Wild Pitch! Jackson Trottier scores Edgar Trejo to third Guo-ning Chen to second 2-0: 3-RUN HOME RUN (Flyball, 7D, EV 95.0 MPH), Distance : 383 ft
|
|
Batting: RHB Sean Mounts
|
0-0: Ball 1-0: Called Strike 1-1: Called Strike 1-2: Strikes out swinging
|
| Bottom of the 2nd over - 5 runs, 2 hits, 0 errors, 0 left on base; Detroit (APP) 0 - Greeneville 5 |
| TOP OF THE 3RD |
|
Detroit (APP) Tigers batting - Pitching for Greeneville Astros : RHP James Browning
|
|
Batting: RHB Jon Goldstein
|
0-0: Called Strike 0-1: Called Strike 0-2: Strikes out swinging
|
|
Batting: SHB Sean Foley
|
0-0: Ground out 5-3 (Groundball, 5L, EV 91.2 MPH)
|
|
Batting: SHB Ross Holland
|
0-0: Called Strike 0-1: Ball 1-1: Swinging Strike 1-2: Foul Ball, location: 2F 1-2: Foul Ball, location: 2F 1-2: SOLO HOME RUN (Flyball, 9D, EV 100.0 MPH), Distance : 366 ft
|
|
Batting: RHB Adam MacConnell
|
0-0: Ball 1-0: Called Strike 1-1: Called Strike 1-2: Foul Ball, location: 2F 1-2: DOUBLE (Line Drive, 7LM, EV 113.1 MPH)
|
|
Batting: LHB Jon Pedlar
|
0-0: Ball 1-0: Swinging Strike 1-1: Foul Ball, location: 2F 1-2: Ball 2-2: Foul Ball, location: 2F 2-2: Ball 3-2: Foul Ball, location: 2F 3-2: Base on Balls
|
|
Batting: RHB Jamie Villagrana
|
0-0: Called Strike 0-1: Ball 1-1: Called Strike 1-2: Ball 2-2: Ball 3-2: SINGLE (Flyball, 7LS, EV 92.5 MPH) Adam MacConnell to third Jon Pedlar to second Adam MacConnell scores Jon Pedlar to third
|
|
Pitching: RHP Ray Fernandez
|
|
|
Batting: RHB Willie Ochoa
|
0-0: Called Strike 0-1: Ball Wild Pitch! Jon Pedlar scores Jamie Villagrana to second 1-1: Ball Passed Ball! Jamie Villagrana to third 2-1: Foul Ball, location: 2F 2-2: Ground out 1-3 (Groundball, 15, EV 71.9 MPH)
|
| Top of the 3rd over - 3 runs, 3 hits, 0 errors, 1 left on base; Detroit (APP) 3 - Greeneville 5 |
| BOTTOM OF THE 3RD |
|
Greeneville Astros batting - Pitching for Detroit (APP) Tigers : RHP Alan Grossfeld
|
|
Batting: LHB Josh Birkner
|
0-0: Ball 1-0: Called Strike 1-1: Foul Ball, location: 2F 1-2: Fly out, F2 (Popup, 2L, EV 88.8 MPH)
|
|
Batting: RHB Bruce Bermudez
|
0-0: Called Strike 0-1: Ball 1-1: Swinging Strike 1-2: SINGLE (Line Drive, 4D, EV 94.4 MPH)
|
|
Batting: SHB Danny Jensen
|
0-0: Ball 1-0: Foul Ball, location: 2F 1-1: Ball 2-1: Ball 3-1: Foul Ball, location: 2F 3-2: Base on Balls Bruce Bermudez to second
|
|
Pitching: RHP Bert Hernandez
|
|
|
Batting: RHB Workneh Lagat
|
0-0: Ball 1-0: Ball Bruce Bermudez steals 3rd base 2-0: Foul Ball, location: 2F 2-1: Called Strike 2-2: Ball 3-2: Base on Balls Danny Jensen to second
|
|
Batting: LHB Jackson Trottier
|
0-0: Called Strike 0-1: Ball 1-1: Ball 2-1: Swinging Strike 2-2: Single, Error in OF, E7, batter to second base (Groundball, 5D, EV 94.4 MPH) Bruce Bermudez scores Danny Jensen scores Workneh Lagat to third
|
|
Batting: RHB Edgar Trejo
|
0-0: Called Strike 0-1: Ground out 6-3 (Groundball, 6, EV 103.8 MPH) Workneh Lagat scores
|
|
Batting: RHB Guo-ning Chen
|
0-0: Swinging Strike 0-1: Ball 1-1: Ball 2-1: Foul Ball, location: 2F 2-2: Ball 3-2: Base on Balls
|
|
Batting: LHB Lou Toth
|
0-0: Called Strike 0-1: Ball 1-1: Ground out 1-3 (Groundball, 13S, EV 70.0 MPH)
|
| Bottom of the 3rd over - 3 runs, 2 hits, 1 error, 2 left on base; Detroit (APP) 3 - Greeneville 8 |
| TOP OF THE 4TH |
|
Detroit (APP) Tigers batting - Pitching for Greeneville Astros : RHP Ray Fernandez
|
|
Batting: RHB Billy Verdusco
|
0-0: Ball 1-0: SINGLE (Line Drive, 6MD, EV 98.1 MPH)
|
|
Batting: LHB Bill Ford
|
0-0: Ball Billy Verdusco steals 2nd base 1-0: Ground out U3 (Groundball, 3S, EV 68.8 MPH) Billy Verdusco to third
|
|
Batting: RHB Jon Goldstein
|
0-0: Called Strike 0-1: Ball 1-1: Ball 2-1: Ground out 6-3 (Groundball, 56, EV 98.8 MPH) Billy Verdusco scores
|
|
Batting: SHB Sean Foley
|
0-0: Ball 1-0: Called Strike 1-1: Ball 2-1: Swinging Strike 2-2: Ball 3-2: Foul Ball, location: 2F 3-2: Foul Ball, location: 2F 3-2: DOUBLE (Flyball, 89D, EV 95.6 MPH)
|
|
Batting: SHB Ross Holland
|
0-0: Foul Ball, location: 2F 0-1: Ball 1-1: Foul Ball, location: 2F 1-2: Ground out U3 (Groundball, 34, EV 83.1 MPH)
|
| Top of the 4th over - 1 run, 2 hits, 0 errors, 1 left on base; Detroit (APP) 4 - Greeneville 8 |
| BOTTOM OF THE 4TH |
|
Greeneville Astros batting - Pitching for Detroit (APP) Tigers : RHP Bert Hernandez
|
|
Batting: RHB Sean Mounts
|
0-0: Ball 1-0: Called Strike 1-1: SINGLE (Groundball, 34D, EV 104.4 MPH)
|
|
Batting: LHB Josh Birkner
|
0-0: Hit by Pitch Sean Mounts to second
|
|
Batting: RHB Bruce Bermudez
|
0-0: Swinging Strike 0-1: Foul Ball, location: 2F 0-2: Strikes out swinging
|
|
Batting: SHB Danny Jensen
|
0-0: Called Strike 0-1: Ball 1-1: Ball 2-1: Ball 3-1: Swinging Strike 3-2: Base on Balls Sean Mounts to third Josh Birkner to second
|
|
Batting: RHB Workneh Lagat
|
0-0: Foul Ball, location: 2F 0-1: Foul Ball, location: 2F 0-2: Ball 1-2: Strikes out swinging
|
|
Batting: LHB Jackson Trottier
|
0-0: Called Strike 0-1: Ground out 4-3 (Groundball, 4S, EV 75.0 MPH)
|
| Bottom of the 4th over - 0 runs, 1 hit, 0 errors, 3 left on base; Detroit (APP) 4 - Greeneville 8 |
| TOP OF THE 5TH |
|
Detroit (APP) Tigers batting - Pitching for Greeneville Astros : RHP Ray Fernandez
|
|
Batting: RHB Adam MacConnell
|
0-0: Called Strike 0-1: Ball 1-1: Ball 2-1: Ball 3-1: Ground out 6-3 (Groundball, 56, EV 90.6 MPH)
|
|
Batting: LHB Jon Pedlar
|
0-0: Ball 1-0: Called Strike 1-1: Swinging Strike 1-2: Foul Ball, location: 2F 1-2: Foul Ball, location: 2F 1-2: Ball 2-2: Ball 3-2: Ground out 1-3 (Groundball, 23, EV 70.0 MPH)
|
|
Batting: RHB Jamie Villagrana
|
0-0: Ball 1-0: Ball 2-0: Ball 3-0: Base on Balls
|
|
Batting: RHB Willie Ochoa
|
0-0: Ball Jamie Villagrana steals 2nd base 1-0: SINGLE (Groundball, 4MD, EV 104.4 MPH) Jamie Villagrana to third Runner from 3rd tries for Home, SAFE, throw by CF to home
|
|
Batting: RHB Billy Verdusco
|
0-0: DOUBLE (Line Drive, 9LM, EV 100.0 MPH) Willie Ochoa to third Runner from 3rd tries for Home, SAFE, throw by RF to trailing runner, SAFE at third!
|
|
Batting: LHB Bill Ford
|
0-0: Ball 1-0: Ball Wild Pitch! Billy Verdusco scores 2-0: Ball 3-0: Base on Balls
|
|
Batting: RHB Jon Goldstein
|
0-0: Ball Bill Ford steals 2nd base 1-0: Called Strike 1-1: Ball 2-1: DOUBLE (Groundball, 3L, EV 102.5 MPH) Bill Ford scores
|
|
Batting: SHB Sean Foley
|
0-0: Ball 1-0: Swinging Strike 1-1: Foul Ball, location: 2F 1-2: Ball 2-2: Ball 3-2: Base on Balls
|
|
Batting: SHB Ross Holland
|
0-0: Ball Balk! Jon Goldstein to third Sean Foley to second 1-0: Called Strike 1-1: 3-RUN HOME RUN (Flyball, 78XD, EV 111.2 MPH), Distance : 411 ft
|
|
Pitching: RHP Mike Koch
|
|
|
Batting: RHB Adam MacConnell
|
0-0: Ball 1-0: Foul Ball, location: 2F 1-1: SINGLE (Flyball, 8LS, EV 91.2 MPH)
|
|
Batting: LHB Jon Pedlar
|
0-0: Ball Adam MacConnell steals 2nd base 1-0: SINGLE (Groundball, 6D, EV 108.8 MPH) Adam MacConnell to third Throwing error, E8 Adam MacConnell scores Jon Pedlar to second
|
|
Batting: RHB Jamie Villagrana
|
0-0: Ball 1-0: Called Strike 1-1: Foul Ball, location: 2F 1-2: Ball 2-2: Ball 3-2: Ground out 6-3 (Groundball, 6, EV 78.8 MPH)
|
| Top of the 5th over - 8 runs, 6 hits, 1 error, 1 left on base; Detroit (APP) 12 - Greeneville 8 |
| BOTTOM OF THE 5TH |
|
Greeneville Astros batting - Pitching for Detroit (APP) Tigers : RHP Bert Hernandez
|
|
Batting: RHB Edgar Trejo
|
0-0: DOUBLE (Line Drive, 9LS, EV 96.2 MPH)
|
|
Pitching: LHP Josh Sinclair
|
|
|
Batting: RHB Guo-ning Chen
|
0-0: Called Strike 0-1: Swinging Strike 0-2: Foul Ball, location: 2F 0-2: Ball 1-2: Fly out, F9 (Line Drive, 9, EV 91.2 MPH)
|
|
Batting: LHB Lou Toth
|
0-0: Foul Ball, location: 2F 0-1: Ball 1-1: Hit by Pitch
|
|
Batting: RHB Sean Mounts
|
0-0: Called Strike 0-1: Called Strike 0-2: SINGLE (Groundball, 56D, EV 104.4 MPH) Edgar Trejo to third Lou Toth to second
|
|
Batting: LHB Josh Birkner
|
0-0: Called Strike 0-1: Ball 1-1: Ball 2-1: Swinging Strike 2-2: Strikes out swinging
|
|
Batting: RHB Bruce Bermudez
|
0-0: Swinging Strike 0-1: Ball 1-1: Ball 2-1: Ball 3-1: Base on Balls Edgar Trejo scores Lou Toth to third Sean Mounts to second
|
|
Batting: SHB Danny Jensen
|
0-0: Foul Ball, location: 2F 0-1: Foul Ball, location: 2F 0-2: Ball 1-2: Ground out 5-3 (Groundball, 5S, EV 79.4 MPH)
|
| Bottom of the 5th over - 1 run, 2 hits, 0 errors, 3 left on base; Detroit (APP) 12 - Greeneville 9 |
| TOP OF THE 6TH |
|
Detroit (APP) Tigers batting - Pitching for Greeneville Astros : RHP Mike Koch
|
|
Batting: RHB Willie Ochoa
|
0-0: Foul Ball, location: 2F 0-1: Ball 1-1: Ball 2-1: Foul Ball, location: 2F 2-2: Ball 3-2: DOUBLE (Groundball, 3L, EV 101.2 MPH) - OUT at third base trying to stretch hit.
|
|
Batting: RHB Billy Verdusco
|
0-0: Foul Ball, location: 2F 0-1: Swinging Strike 0-2: Ground out 4-3 (Groundball, 4, EV 106.2 MPH)
|
|
Batting: LHB Bill Ford
|
0-0: Called Strike 0-1: Swinging Strike 0-2: Fly out, F4 (Flyball, 34D, EV 78.8 MPH)
|
| Top of the 6th over - 0 runs, 1 hit, 0 errors, 0 left on base; Detroit (APP) 12 - Greeneville 9 |
| BOTTOM OF THE 6TH |
|
Greeneville Astros batting - Pitching for Detroit (APP) Tigers : LHP Josh Sinclair
|
|
Batting: RHB Workneh Lagat
|
0-0: Ball 1-0: Ball 2-0: Fly out, F4 (Line Drive, 4, EV 68.1 MPH)
|
|
Batting: LHB Jackson Trottier
|
0-0: Ball 1-0: Ground out 4-3 (Groundball, 34D, EV 101.9 MPH)
|
|
Batting: RHB Edgar Trejo
|
0-0: Ball 1-0: Ball 2-0: Ball 3-0: Base on Balls
|
|
Batting: RHB Guo-ning Chen
|
0-0: Foul Ball, location: 2F 0-1: Foul Ball, location: 2F 0-2: Fly out, F8 (Line Drive, 8RD, EV 98.8 MPH)
|
| Bottom of the 6th over - 0 runs, 0 hits, 0 errors, 1 left on base; Detroit (APP) 12 - Greeneville 9 |
| TOP OF THE 7TH |
|
Detroit (APP) Tigers batting - Pitching for Greeneville Astros : RHP Mike Koch
|
|
Batting: RHB Jon Goldstein
|
0-0: Called Strike 0-1: Ball 1-1: Fly out, F8 (Flyball, 78XD, EV 101.9 MPH)
|
|
Batting: SHB Sean Foley
|
0-0: Ball 1-0: Ball 2-0: Ball 3-0: Base on Balls
|
|
Batting: SHB Ross Holland
|
0-0: Called Strike 0-1: DOUBLE (Line Drive, 9LS, EV 110.0 MPH) Sean Foley to third Runner from 3rd tries for Home, SAFE, throw by RF to home
|
|
Batting: RHB Adam MacConnell
|
0-0: Ball Balk! Ross Holland to third 1-0: Ball 2-0: Ball 3-0: Called Strike 3-1: Fly out, F2 (Popup, 13S, EV 81.9 MPH)
|
|
Batting: LHB Jon Pedlar
|
0-0: Ball 1-0: Swinging Strike 1-1: Foul Ball, location: 2F 1-2: Ball 2-2: Ball 3-2: Base on Balls
|
|
Batting: RHB Jamie Villagrana
|
0-0: Foul Ball, location: 2F 0-1: Ball 1-1: Called Strike 1-2: Ball 2-2: Ball 3-2: Foul Ball, location: 2F 3-2: SINGLE (Groundball, 56D, EV 102.5 MPH) Ross Holland scores Jon Pedlar to second Jon Pedlar to third
|
|
Batting: RHB Willie Ochoa
|
0-0: Called Strike 0-1: Foul Ball, location: 2F 0-2: Ball 1-2: SINGLE (Groundball, 4D, EV 97.5 MPH) Jon Pedlar scores Jamie Villagrana to second Runner from 2nd tries for 3rd, SAFE, no throw by RF
|
|
Batting: RHB Billy Verdusco
|
0-0: Fly out, F8 (Line Drive, 8RM, EV 99.4 MPH)
|
| Top of the 7th over - 3 runs, 3 hits, 0 errors, 2 left on base; Detroit (APP) 15 - Greeneville 9 |
| BOTTOM OF THE 7TH |
|
Greeneville Astros batting - Pitching for Detroit (APP) Tigers : LHP Josh Sinclair
|
|
Pitching: RHP Luis Brown
|
|
|
Batting: LHB Lou Toth
|
0-0: Ground out U3 (Groundball, 3, EV 99.4 MPH)
|
|
Batting: RHB Sean Mounts
|
0-0: Foul Ball, location: 2F 0-1: Fly out, F8 (Flyball, 89D, EV 106.9 MPH)
|
|
Batting: LHB Josh Birkner
|
0-0: Called Strike 0-1: Called Strike 0-2: Strikes out swinging
|
| Bottom of the 7th over - 0 runs, 0 hits, 0 errors, 0 left on base; Detroit (APP) 15 - Greeneville 9 |
| TOP OF THE 8TH |
|
Detroit (APP) Tigers batting - Pitching for Greeneville Astros : RHP Mike Koch
|
|
Batting: LHB Bill Ford
|
0-0: Ball 1-0: Ball 2-0: Ball 3-0: Called Strike 3-1: Called Strike 3-2: Reached on error, E3 (Groundball, 3D, EV 101.2 MPH)
|
|
Pitching: RHP Ryan Salas
|
|
|
Batting: RHB Jon Goldstein
|
0-0: Foul Ball, location: 2F 0-1: Foul Ball, location: 2F 0-2: Ball 1-2: Ball 2-2: DOUBLE (Line Drive, 7LS, EV 105.6 MPH) Bill Ford scores
|
|
Batting: SHB Sean Foley
|
0-0: Ground out 5-3 (Groundball, 56S, EV 86.9 MPH)
|
|
Pinch Hitting: RHB Jose Evangelista
|
0-0: Ball 1-0: Called Strike 1-1: Called Strike 1-2: Fly out, F7 (Flyball, 78S, EV 94.4 MPH)
|
|
Batting: RHB Adam MacConnell
|
0-0: Ball Wild Pitch! Jon Goldstein to third 1-0: Ball 2-0: Called Strike 2-1: Swinging Strike 2-2: Ball 3-2: Base on Balls
|
|
Batting: LHB Jon Pedlar
|
0-0: SINGLE (Line Drive, 7LS, EV 98.1 MPH) Jon Goldstein scores Adam MacConnell to second
|
|
Batting: RHB Jamie Villagrana
|
0-0: Foul Ball, location: 2F 0-1: Ball 1-1: Foul Ball, location: 2F 1-2: SINGLE (Groundball, 6MD, EV 105.6 MPH) Adam MacConnell to third Jon Pedlar to second Runner from 3rd tries for Home, SAFE, throw by CF to home
|
|
Batting: RHB Willie Ochoa
|
0-0: Called Strike 0-1: Foul Ball, location: 2F 0-2: Foul Ball, location: 2F 0-2: Foul Ball, location: 2F 0-2: Ball 1-2: Foul Ball, location: 2F 1-2: Foul Ball, location: 2F 1-2: Hit by Pitch Jon Pedlar to third Jamie Villagrana to second
|
|
Batting: RHB Billy Verdusco
|
0-0: SINGLE (Line Drive, 89M, EV 99.4 MPH) Jon Pedlar scores Jamie Villagrana to third Willie Ochoa to second
|
|
Pitching: RHP Greg Otto
|
|
|
Batting: LHB Bill Ford
|
0-0: Ball 1-0: Ground out 1-3 (Groundball, 13S, EV 71.2 MPH)
|
| Top of the 8th over - 4 runs, 4 hits, 1 error, 3 left on base; Detroit (APP) 19 - Greeneville 9 |
| BOTTOM OF THE 8TH |
|
Greeneville Astros batting - Pitching for Detroit (APP) Tigers : RHP Luis Brown
|
|
Now in CF: Bill Ford
|
|
|
Now in RF: Jose Evangelista
|
|
|
Batting: RHB Bruce Bermudez
|
0-0: Called Strike 0-1: SINGLE (Groundball, 56D, EV 100.0 MPH)
|
|
Batting: SHB Danny Jensen
|
0-0: Ball 1-0: Called Strike 1-1: Ball 2-1: SINGLE (Groundball, 3D, EV 96.2 MPH) Bruce Bermudez to second
|
|
Batting: RHB Workneh Lagat
|
0-0: Fly out, F8 (Line Drive, 8RM, EV 93.1 MPH)
|
|
Batting: LHB Jackson Trottier
|
0-0: Called Strike 0-1: Foul Ball, location: 2F 0-2: Foul Ball, location: 2F 0-2: Ball 1-2: Strikes out looking
|
|
Batting: RHB Edgar Trejo
|
0-0: Foul Ball, location: 2F 0-1: Called Strike 0-2: Foul Ball, location: 2F 0-2: Foul Ball, location: 2F 0-2: Ball 1-2: Ball 2-2: Strikes out swinging
|
| Bottom of the 8th over - 0 runs, 2 hits, 0 errors, 2 left on base; Detroit (APP) 19 - Greeneville 9 |
| TOP OF THE 9TH |
|
Detroit (APP) Tigers batting - Pitching for Greeneville Astros : RHP Greg Otto
|
|
Batting: RHB Jon Goldstein
|
0-0: Ball 1-0: Ball 2-0: Foul Ball, location: 2F 2-1: Foul Ball, location: 2F 2-2: Ball 3-2: Foul Ball, location: 2F 3-2: Base on Balls
|
|
Batting: SHB Sean Foley
|
0-0: SINGLE (Groundball, 6MD, EV 103.1 MPH) Jon Goldstein to second
|
|
Batting: RHB Jose Evangelista
|
0-0: Grounds into double play, 3-6-3 (Groundball, 13, EV 80.0 MPH) Jon Goldstein to third
|
|
Batting: RHB Adam MacConnell
|
0-0: Foul Ball, location: 2F 0-1: Ball 1-1: Foul Ball, location: 2F 1-2: Ball 2-2: Ball 3-2: Foul Ball, location: 2F 3-2: Foul Ball, location: 2F 3-2: Base on Balls
|
|
Pitching: RHP Gabe Allen
|
|
|
Batting: LHB Jon Pedlar
|
0-0: Ball 1-0: Ball 2-0: Called Strike 2-1: Swinging Strike 2-2: Ball 3-2: Strikes out looking
|
| Top of the 9th over - 0 runs, 1 hit, 0 errors, 2 left on base; Detroit (APP) 19 - Greeneville 9 |
| BOTTOM OF THE 9TH |
|
Greeneville Astros batting - Pitching for Detroit (APP) Tigers : RHP Luis Brown
|
|
Batting: RHB Guo-ning Chen
|
0-0: Ball 1-0: Fly out, F8 (Flyball, 89M, EV 86.2 MPH)
|
|
Batting: LHB Lou Toth
|
0-0: Ball 1-0: Ball 2-0: Ball 3-0: Called Strike 3-1: Foul Ball, location: 2F 3-2: Base on Balls
|
|
Batting: RHB Sean Mounts
|
0-0: Ball 1-0: Ground out 6-3 (Groundball, P, EV 85.0 MPH) Lou Toth to second
|
|
Batting: LHB Josh Birkner
|
0-0: Ball 1-0: Foul Ball, location: 2F 1-1: Ball 2-1: Swinging Strike 2-2: Ball 3-2: Base on Balls
|
|
Batting: RHB Bruce Bermudez
|
0-0: Called Strike 0-1: Ground out 4-3 (Groundball, 4D, EV 106.2 MPH)
|
| Bottom of the 9th over - 0 runs, 0 hits, 0 errors, 2 left on base; Detroit (APP) 19 - Greeneville 9 |
|